 Dungeon Crawl Stone Soup version 0.23-a0-270-gab6feb3 (webtiles) character file.

49 CozyGlow the Firebug (level 3, -4/19 HPs)
             Began as a Tengu Fire Elementalist on Oct 1, 2018.
             Slain by Sigmund
             ... wielding a +0 scythe
              (14 damage)
             ... on level 2 of the Dungeon.
             The game lasted 00:06:18 (1131 turns).

CozyGlow the Firebug (Tengu Fire Elementalist)      Turns: 1131, Time: 00:06:19

Health: -4/19      AC:  2    Str:  8    XL:     3   Next: 75%
Magic:  6/8        EV: 12    Int: 16    God:
Gold:   38         SH:  0    Dex: 14    Spells: 3/7 levels left

rFire    . . .     SeeInvis .   f - +0 hunting sling
rCold    . . .     Gourm    .   (no shield)
rNeg     . . .     Faith    .   a - +0 robe
rPois    .         Spirit   .   (helmet restricted)
rElec    .         Reflect  .   (no cloak)
rCorr    .         Harm     .   (no gloves)
MR       .....                  (boots unavailable)
Stlth    ++........             (no amulet)
HPRegen  0.06/turn              (no ring)
MPRegen  0.11/turn              (no ring)

@: no status effects
A: beak, talons 3
a: no special abilities


You were on level 2 of the Dungeon.
You were not hungry.

You visited 1 branch of the dungeon, and saw 2 of its levels.

You collected 38 gold pieces.

Inventory:

Hand Weapons
 f - a +0 hunting sling (weapon)
Missiles
 j - 27 stones (quivered)
Armour
 a - a +0 robe (worn)
 k - a +0 helmet
Scrolls
 e - 3 scrolls of identify {unknown}
 h - 3 scrolls of teleportation {unknown}
 i - a scroll of remove curse {unknown}
 l - 2 scrolls of magic mapping {unknown}
Potions
 d - 2 potions of heal wounds {unknown}
 g - 2 potions of berserk rage {unknown}
 m - a potion of might {unknown}
Comestibles
 c - 3 rations


   Skills:
 - Level 2.1 Dodging
 - Level 2.0 Stealth
 + Level 2.6 Spellcasting
 + Level 2.8 Conjurations
 + Level 4.0 Fire Magic


You had 3 spell levels left.
You knew the following spells:

 Your Spells              Type           Power        Failure   Level  Hunger
a - Flame Tongue          Conj/Fire      ##...        4%          1    #......
b - Conjure Flame         Conj/Fire      ##......     14%         3    ###....

Your spell library contained the following spells:

 Spells                   Type           Power        Failure   Level  Hunger
 Throw Flame              Conj/Fire      ##....       7%          2    ##.....
 Inner Flame              Hex/Fire       #.......     26%         3    ###....
 Sticky Flame             Conj/Fire      ##......     43%         4    #####..
 Fireball                 Conj/Fire      ##........   78%         5    ######.


Dungeon Overview and Level Annotations

Branches:
Dungeon (2/15)

Altars:

Annotations:
D:2 Sigmund


Innate Abilities, Weirdness & Mutations

You have a beak for a mouth.
You have claws for feet.


Message History

You see here a club.
Some of the chunks of flesh in your inventory have rotted away.
Your magical contamination has completely faded away.
There is an open door here.
You close the door.
You see here a hunting sling.
Sigmund casts a spell at you.
You are confused.
You're too confused to move!
You feel less confused. Sigmund misses you.
All of the chunks of flesh in your inventory have rotted away.
Sigmund casts a spell.
Sigmund flickers and vanishes!
Deactivating autopickup; reactivate with Ctrl-A.
Something hits you.
There is an escape hatch in the floor here.
Something hits you!
Ouch! That really hurt!
You die...

####.. ............<..#..##.## #
###............#....... ###
..............#.###.## ...
##.................#.# ...
#...#......#.####.#.# ...
.............. .#.# ...
###+########+###...... ##.# .##
#..............#......# #.# .#
#...........@..####+## #.#
.####..............####+#### #.#
........##....{.#..........# #.#
........##......##.........###.#
........##.)....#..........'...#
........##......##.........#####
...............###....#'####
.................#....#.#
.................#....#.#


There were no monsters in sight!

Vanquished Creatures
  An adder (D:2)
  A worm (D:2)
  A dart slug (D:2)
  3 giant cockroaches (D:2)
  6 goblins
  4 hobgoblins
  3 jackals (D:2)
  5 kobolds
  A quokka (D:2)
  2 bats (D:1)
  A frilled lizard (D:2)
  4 rats (D:1)
32 creatures vanquished.

Notes
Turn   | Place    | Note
-------+----------+-------------------------------------------
     0 | D:1      | CozyGlow the Tengu Fire Elementalist began the quest for
                  | the Orb.
     0 | D:1      | Reached XP level 1. HP: 10/10 MP: 4/4
   177 | D:1      | Reached XP level 2. HP: 15/15 MP: 3/6
   783 | D:2      | Reached XP level 3. HP: 19/19 MP: 1/7
   887 | D:2      | Learned a level 3 spell: Conjure Flame
  1021 | D:2      | Noticed Sigmund
  1068 | D:2      | Reached skill level 4 in Fire Magic
  1131 | D:2      | Slain by Sigmund

Vault maps used:
D:1:      minmay_arrival_hallway
D:2:      uniq_sigmund

Skill      XL: |  1  2  3 |
---------------+----------+-----
Conjurations   | 2 |  2.8
Fire Magic     | 4 |  4.0
Dodging        | |  2.1
Stealth        | |  2.0
Spellcasting   | |  2.6

Action                   || total
-------------------------++-------
 Fire: Hunting sling     ||    23
 Cast: Flame Tongue      ||    44
       Conjure Flame     ||     1
  Eat: Chunk             ||     1
Armor: Robe              ||     6
Dodge: Dodged            ||    25

Table legend:
 A = Non-vault XP
 B = Vault XP
 C = Vault XP percentage of total XP
 D = Non-vault monster count
 E = Vault monster count
 F = Vault count percentage of total count
                 A         B        C        D         E       F
            +---------+---------+-------+---------+---------+-------
      Total |      70 |       0 |   0.0 |      32 |       0 |   0.0
            +---------+---------+-------+---------+---------+-------
        D:1 |      24 |       0 |   0.0 |      15 |       0 |   0.0
        D:2 |      46 |       0 |   0.0 |      17 |       0 |   0.0
            +---------+---------+-------+---------+---------+-------
